 Dungeon Crawl Stone Soup version 0.30-a0-779-g7971cf19c3 (webtiles) character file.

Game seed: 11834338009414201018

51 sanka the Magician (level 4, -1/31 HPs)
             Began as a Djinni Conjurer on Feb 18, 2023.
             Slain by Grinder (2 damage)
             ... on level 3 of the Dungeon.
             The game lasted 00:02:22 (1751 turns).

sanka the Magician (Djinni Conjurer)                Turns: 1751, Time: 00:02:23

Health: -1/31      AC:  2    Str:  6    XL:     4   Next: 7%
Gold:   145        EV: 12    Int: 22    God:
                   SH:  5    Dex: 11

rFire   + + .      SeeInvis .    k - +0 quarterstaff
rCold   x . .      Faith    .    (shield currently unavailable)
rNeg    . . .      Spirit   .    a - +0 robe
rPois   ∞          Reflect  +    (no helmet)
rElec   .          Harm     .    (no cloak)
rCorr   .          Rampage  .    (no gloves)
Will    .....                    (boots unavailable)
Stlth   ++                       b - amulet of reflection
HPRegen 0.25/turn                (no ring)
MPRegen 0.00/turn                (no ring)

@: flying
A: sickness immunity, fire resistance 2, cold vulnerability 1, float, innate
caster, HP casting, extra vitality 1
a: no special abilities


You were on level 3 of the Dungeon.
You visited 1 branch of the dungeon, and saw 3 of its levels.

You collected 145 gold pieces.


Innate Abilities, Weirdness & Mutations

You are immune to sickness and miasma.
You are immune to poison.
Your flesh is very heat resistant. (rF++)
You are vulnerable to cold. (rC-)
You float through the air rather than walking.
You learn spells naturally, not from books.
Your magical power is your life essence.
You have superior vitality. (+4 MHP)


   Skills:
 - Level 2.1 Dodging
 - Level 1.5 Stealth
 + Level 4.2 Spellcasting


You couldn't memorise any spells.
You knew the following spells:

 Your Spells              Type           Power      Damage    Failure   Level
c - Iskenderun's Mystic   Conj/Tloc      23%        2d6       19%         4
u - Sandblast             Erth           46%        2d11      1%          1
x - Searing Ray           Conj           46%        2d6       2%          2
y - Dazzling Flash        Conj/Hex       46%        N/A       5%          3
z - Magic Dart            Conj           92%        1d7       1%          1
Z - Fulminant Prism       Conj/Hex       11%        3d9       19%         4
Your spell library was empty.

Inventory:

Hand Weapons
 k - a +0 quarterstaff (weapon)
Armour
 a - a +0 robe (worn)
Jewellery
 b - an amulet of reflection (around neck)
Scrolls
 c - 4 scrolls of identify {unknown}
 d - a scroll of noise {unknown}
 g - a scroll of teleportation {unknown}
 h - a scroll of poison {unknown}
 l - a scroll of summoning {unknown}
Potions
 e - a potion of curing {unknown}
 f - a potion of lignification {unknown}
 i - a potion of might {unknown}
 j - 2 potions of invisibility {unknown}
 m - 3 potions of attraction {unknown}

Dungeon Overview and Level Annotations

Branches:
Dungeon (3/15)

Altars:

Annotations:
D:3 Grinder

▒. ▒. ▒▒▒▒ ▒.
▒.. ▒. ▒.▒▒ ▒
▒.▒▒▒.<▒ ▒..
▒.▒....▒.▒
▒....▒.▒.▒..).▒
▒<.[R5.........
▒▒...▒▒▒▒▒▒▒.▒▒
....... ▒
..▒.▒....▒ ▒
...... ▒▒▒.▒.▒.
▒. .▒. .. .. .


You could see Grinder.


Message History

Grinder hits you. Grinder gestures at you. Pain shoots through your body!
Aiming: Searing Ray (safe; 2% risk of failure)
Aim: Grinder (75% to hit)
The searing ray misses Grinder. (Press . to maintain the ray.) Grinder hits you.
* * * LOW HITPOINT WARNING * * *
You writhe in agony.
* * * LOW HITPOINT WARNING * * *
The searing ray hits Grinder!
Grinder is moderately wounded.
* * * LOW HITPOINT WARNING * * *
Grinder hits you.
* * * LOW HITPOINT WARNING * * *
You writhe in agony.
* * * LOW HITPOINT WARNING * * *
The searing ray hits Grinder.
Grinder is moderately wounded.
* * * LOW HITPOINT WARNING * * *
Grinder hits you but does no damage.
The searing ray hits Grinder.
Grinder is heavily wounded.
* * * LOW HITPOINT WARNING * * *
You finish channelling your searing ray.
Grinder hits you.
* * * LOW HITPOINT WARNING * * *
You writhe in agony.
You die...

Action                     |  1- 3 |  4- 6 || total
---------------------------+-------+-------++-------
   Cast: Magic Dart        |    66 |     7 ||    73
         Searing Ray       |       |     1 ||     1
 Armour: Robe              |       |     1 ||     1
  Dodge: Dodged            |     3 |       ||     3

Levels and vault maps discovered:
D:1:      elethiomel_arrival_shortcut, layout_loops_ring, lemuel_flame_loot_1
D:2:      layout_loops_cross, chequers_garden, wad_floor_pattern_1
D:3:      layout_basic, mainiacjoe_overflow_boulevard, uniq_natasha,
          uniq_grinder, uniq_sigmund

Notes
Turn   | Place    | Note
-------+----------+-------------------------------------------
     0 | D:1      | sanka the Djinni Conjurer began the quest for the Orb.
     0 | D:1      | sanka set off with the following spells memorised: Magic
                  | Dart, Searing Ray, Dazzling Flash, Fulminant Prism,
                  | Iskenderun's Mystic Blast.
     0 | D:1      | Reached XP level 1. HP: 15/15 MP: 0/0
   209 | D:1      | Reached XP level 2. HP: 19/21 MP: 0/0
   303 | D:1      | You are sucked into a shaft and drop 1 floor!
   612 | D:1      | Reached XP level 3. HP: 22/25 MP: 0/0
   612 | D:1      | Learned a level 1 spell: Sandblast
   982 | D:1      | Reached skill level 4 in Spellcasting
  1498 | D:2      | Reached XP level 4. HP: 29/31 MP: 0/0
  1745 | D:3      | Noticed Grinder
  1751 | D:3      | HP: 1/31 [Grinder (5)]
  1751 | D:3      | Slain by Grinder

Vanquished Creatures
  An adder (D:2)
  2 dart slugs (D:2)
  4 endoplasms
  2 giant cockroaches
  A hobgoblin (D:1)
  3 kobolds
  4 quokkas
  5 ball pythons (D:1)
  4 bats
  4 frilled lizards
  3 goblins
  6 rats (D:1)
39 creatures vanquished.
